 Dungeon Crawl Stone Soup version 0.22-a0-274-gf8199ec (webtiles) character file.

886 nikopol the Magician (level 7, 0/36 HPs)
             Began as a Deep Elf Fire Elementalist on Mar 13, 2018.
             Was a Follower of Ashenzari.
             Slain by anet's ghost (7 damage)
             ... on level 5 of the Dungeon.
             The game lasted 00:17:00 (4864 turns).

nikopol the Magician (Deep Elf Fire Elementalist)   Turns: 4864, Time: 00:17:01

Health: 0/36       AC:  4    Str:  5    XL:     7   Next: 76%
Magic:  1/19       EV: 14    Int: 24    God:    Ashenzari [*.....]
Gold:   28         SH:  0    Dex: 15    Spells: 1/20 levels left

rFire    . . .     SeeInvis .   i - +1 dagger (elec)
rCold    . . .     Gourm    .   (no shield)
rNeg     + . .     Faith    .   a - +0 robe
rPois    .         Spirit   .   (no helmet)
rElec    .         Reflect  .   y - scarf {repulsion}
rCorr    .         Harm     .   n - +0 pair of gloves
MR       .....                  w - +0 pair of boots
Stlth    +++.......             (no amulet)
HPRegen  0.12/turn              d - +2 ring of intelligence
MPRegen  0.16/turn              g - ring of positive energy

@: lethally poisoned (0 -> -23), very slightly contaminated, repel missiles
A: no striking features
a: Curse Item, Scrying, Renounce Religion


You were on level 5 of the Dungeon.
You worshipped Ashenzari.
Ashenzari was aware of your devotion.
You were not hungry.

You visited 1 branch of the dungeon, and saw 5 of its levels.

You collected 140 gold pieces.
You spent 112 gold pieces at shops.

Inventory:

Hand Weapons
 i - a +1 dagger of electrocution (weapon)
Armour
 a - a +0 robe (worn)
 n - a +0 pair of gloves (worn)
 w - a +0 pair of boots (worn)
 y - a scarf of repulsion (worn)
Jewellery
 d - a +2 ring of intelligence (left hand)
 g - a ring of positive energy (right hand)
Wands
 q - a wand of acid (10)
Scrolls
 b - 3 scrolls of remove curse
 e - 2 scrolls of fear {unknown}
 h - 2 scrolls of teleportation {unknown}
 l - 6 scrolls of identify {unknown}
 m - 4 scrolls of enchant armour {unknown}
 r - a scroll of amnesia {unknown}
 s - a scroll of magic mapping {unknown}
 t - 2 scrolls of blinking
 v - a scroll of fog {unknown}
Potions
 f - 2 potions of curing {unknown}
 j - a potion of flight {unknown}
 k - 2 potions of haste {unknown}
 o - a potion of mutation {unknown}
 p - 2 potions of heal wounds
 u - a potion of experience {unknown}
 x - 2 potions of cancellation {unknown}
Comestibles
 c - 10 rations


   Skills:
 + Level 0.1 Fighting
 + Level 3.5 Dodging
 + Level 4.3 Stealth
 + Level 7.1 Spellcasting
 + Level 5.5 Conjurations
 + Level 5.3 Fire Magic
 + Level 0.2 Ice Magic


You had one spell level left.
You knew the following spells:

 Your Spells              Type           Power        Failure   Level  Hunger
a - Flame Tongue          Conj/Fire      ####.        1%          1    None
b - Throw Flame           Conj/Fire      ####..       1%          2    None
c - Conjure Flame         Conj/Fire      ####....     2%          3    None
d - Sticky Flame          Conj/Fire      ####....     8%          4    ###....
e - Fireball              Conj/Fire      ####......   22%         5    #####..
f - Throw Icicle          Conj/Ice       ###.....     22%         4    ###....


Dungeon Overview and Level Annotations

Branches:
Dungeon (5/15)             Temple (0/1) D:4

Altars:
Ashenzari
Okawaru

Shops:
D:5 ?

Annotations:
D:5 anet's ghost, novice GnWn


Message History

You feel sick.
Anet's ghost is engulfed in blazing flames.
Anet's ghost hits you.
You are lethally poisoned!
Casting: Sticky Flame (safe; 8% risk of failure)
Confirm with . or Enter, or press ? or * to list all spells.
Aiming: Sticky Flame (safe; 8% risk of failure)
Press: ? - help, Shift-Dir - straight line, f/p - anet's ghost
Aim: anet's ghost, wielding a weapon of venom (flame, moderately damaged)
You miscast Sticky Flame.
You are very lightly contaminated with residual magic.
The air around you crackles with energy!
* * * LOW HITPOINT WARNING * * *
You feel sick.
Anet's ghost is engulfed in blazing flames.
Anet's ghost hits you but does no damage.
You are more poisoned.
* * * LOW HITPOINT WARNING * * *
You feel sick. Anet's ghost hits you!
You die...

#. #. #. #. #. #l
#.## ##.W#####
#...@...######
#..##.........######
#..#
#######........###
#..# #######.....
#..# ###### ..# # .#


You could see anet's ghost and a frilled lizard.

Vanquished Creatures
  Menkaure (D:4)
  3 ogres
  A scorpion (D:4)
  3 crimson imps
  A hound (D:4)
  An orc priest (D:4)
  An iguana (D:4)
  3 worker ants
  6 gnolls
  3 adders (D:4)
  An ooze (D:1)
  An adder skeleton (D:5)
  3 worms
  4 dart slugs
  2 leopard geckos
  19 orcs
  4 bats
  4 giant cockroaches
  7 goblins
  6 hobgoblins
  A ball python (D:1)
  A ball python skeleton (D:4)
  6 frilled lizards
  A jackal skeleton (D:4)
  8 kobolds
  6 rats
97 creatures vanquished.

Notes
Turn   | Place    | Note
-------+----------+-------------------------------------------
     0 | D:1      | nikopol the Deep Elf Fire Elementalist began the quest for the Orb.
     0 | D:1      | Reached XP level 1. HP: 10/10 MP: 6/6
   157 | D:1      | Reached XP level 2. HP: 7/15 MP: 1/8
   161 | D:1      | Learned a level 2 spell: Throw Flame
   424 | D:1      | Found a shattered altar of Ashenzari.
   468 | D:1      | Became a worshipper of Ashenzari the Shackled
  1072 | D:2      | Reached XP level 3. HP: 19/19 MP: 1/10
  1077 | D:2      | Learned a level 3 spell: Conjure Flame
  1289 | D:2      | Reached skill level 4 in Spellcasting
  1850 | D:3      | Reached XP level 4. HP: 24/24 MP: 9/12
  1861 | D:3      | Learned a level 4 spell: Sticky Flame
  2658 | D:3      | Reached skill level 5 in Spellcasting
  2658 | D:3      | Reached XP level 5. HP: 18/28 MP: 7/14
  2791 | D:3      | Found an iron altar of Okawaru.
  2968 | D:4      | Noticed an ogre
  2983 | D:4      | Killed an ogre
  3122 | D:4      | Reached XP level 6. HP: 29/32 MP: 2/16
  3278 | D:4      | Reached * piety under Ashenzari
  3672 | D:4      | Reached skill level 6 in Spellcasting
  3969 | D:4      | Noticed Menkaure
  3970 | D:4      | Reached XP level 7. HP: 24/36 MP: 7/18
  3981 | D:4      | Killed Menkaure
  3981 | D:4      | Reached skill level 5 in Fire Magic
  4145 | D:4      | Reached skill level 5 in Conjurations
  4253 | D:4      | Found a staircase to the Ecumenical Temple.
  4341 | D:5      | Entered Level 5 of the Dungeon
  4400 | D:5      | Learned a level 5 spell: Fireball
  4405 | D:5      | Learned a level 4 spell: Throw Icicle
  4600 | D:5      | Reached skill level 7 in Spellcasting
  4743 | D:5      | Found Reun's Magic Scroll Boutique.
  4751 | D:5      | Bought a scroll of blinking for 112 gold pieces
  4855 | D:5      | Noticed anet's ghost (novice GnWn)
  4864 | D:5      | Slain by anet's ghost

Vault maps used:
D:1:      kilobyte_arrival_exit_the_forest, minmay_misc_feat_five,
          ashenzari_altar_1
D:3:      nrook_mini_vaults, okawaru_altar_gauntlet_db
D:4:      minmay_temple_entry_poolview, uniq_menkaure
D:5:      serial_shops, nicolae_shop_stone, first_ration

Skill      XL: |  1  2  3  4  5  6  7 |
---------------+----------------------+-----
Dodging        | 3 |  3.5
Spellcasting   | 4 5 6 7 |  7.1
Fire Magic     | 4 5 |  5.3
Stealth        | 3 4 |  4.3
Conjurations   | 3 4 5 |  5.5
Fighting       | |  0.1
Ice Magic      | |  0.2

Action                   |  1- 3 |  4- 6 |  7- 9 || total
-------------------------+-------+-------+-------++-------
Melee: Dagger            |     1 |       |     9 ||    10
 Cast: Flame Tongue      |    70 |    99 |    27 ||   196
       Conjure Flame     |       |     5 |     1 ||     6
       Throw Flame       |       |    14 |     4 ||    18
       Sticky Flame      |       |     1 |     2 ||     3
       Throw Icicle      |       |       |     4 ||     4
  Eat: Chunk             |     3 |     7 |     3 ||    13
Armor: Robe              |     4 |     1 |     4 ||     9
Dodge: Dodged            |    13 |    32 |    10 ||    55

Table legend:
 A = Spawn XP
 B = Non-spawn XP
 C = Spawn XP percentage of total XP
 D = Spawn monster count
 E = Non-spawn monster count
 F = Spawn count percentage of total count
 G = Total turns spent on level
                    A         B        C        D         E        F      G
               +---------+---------+-------+---------+---------+-------+---------
         Total |       0 |    1266 |   0.0 |       0 |      97 |   0.0 |  4864
               +---------+---------+-------+---------+---------+-------+---------
           D:1 |       0 |      28 |   0.0 |       0 |      14 |   0.0 |  1009
           D:2 |       0 |      64 |   0.0 |       0 |      19 |   0.0 |   831
           D:3 |       0 |     137 |   0.0 |       0 |      27 |   0.0 |  1692
           D:4 |       0 |     812 |   0.0 |       0 |      31 |   0.0 |   910
           D:5 |       0 |     225 |   0.0 |       0 |       6 |   0.0 |   422
               +---------+---------+-------+---------+---------+-------+---------
